Map: Ancient Cistern LE

Players

Vindicta

  • Race: Terran Terran
  • League: Grandmaster
  • Spawn Location: 7:00

ByuN - Winner!

  • Race: Terran Terran
  • Spawn Location: 1:00

VOD

Have the link to the VOD?

Description

Time

  • Played on: April 10, 2023, 8:52 p.m.
  • Length: 7:25
Show
View Real Time Build Order
Export as new Build Order

Vindicta Terran 

Build Orders:  

Get SALT Encoding   

  12  0:00  SCV  
  13  0:12  SCV  
  14  0:16  Supply Depot  
  14  0:24  SCV  
  15  0:38  SCV  
  15  0:39  Barracks  
  16  0:43  Refinery  
  16  0:50  SCV  
  16  0:53  Refinery  
  17  1:02  SCV  
  18  1:14  SCV  
  19  1:27  Reaper, Orbital Command  
  19  1:31  Supply Depot  
  20  1:40  Factory  
  20  1:52  SCV  
  21  1:59  Reaper  
  22  2:04  SCV  
  23  2:16  SCV  
  23  2:21  Command Center  
  24  2:27  Hellion  
  26  2:30  SCV  
  26  2:32  Reaper  
  28  2:38  Supply Depot  
  28  2:42  SCV  
  29  2:48  Widow Mine  
  31  2:52  Starport  
  31  2:58  SCV  
  30  3:10  SCV  
  30  3:11  Barracks Reactor  
  30  3:12  Factory Tech Lab  
  31  3:22  SCV  
  31  3:23  Refinery  
  32  3:33  Cyclone, Starport Tech Lab  
  35  3:35  Orbital Command, SCV  
  36  3:48  Marine x2, SCV  
  37  3:52  Raven  
  41  4:00  SCV  
  41  4:01  SCV  
  43  4:06  Marine x2  
  43  4:08  Siege Tank  
  42  4:19  SCV x2  
  44  4:31  SCV x2  
  45  4:40  Siege Tank  
  45  4:44  Viking  
  50  4:45  SCV  
  50  4:46  Viking  
  50  4:47  SCV  
  50  4:50  Supply Depot  
  54  4:58  Stimpack  
  54  5:03  Supply Depot  
  54  5:12  SCV x2  
  56  5:14  Siege Tank  
  56  5:16  Supply Depot  
  59  5:24  SCV x2  
  59  5:25  Viking  
  63  5:29  Marine  
  63  5:31  Viking  
  66  5:36  SCV x2  
  67  5:48  SCV  
  67  5:49  SCV  
  64  6:02  Viking  
  60  6:04  SCV  
  60  6:11  SCV  
  55  6:16  SCV  
  52  6:26  SCV  
  52  6:29  Viking  
  52  6:31  SCV  
  50  6:35  Command Center  
  50  6:38  SCV  
  49  6:43  SCV  
  50  6:50  Marine, SCV  
  50  6:51  Refinery  
  52  6:55  Barracks, SCV  
  56  7:03  SCV  
  57  7:08  SCV  
Show
View Real Time Build Order
Export as new Build Order

ByuN Terran - Winner!

Build Orders:  

Get SALT Encoding   

  12  0:00  SCV  
  13  0:12  SCV  
  14  0:17  Supply Depot  
  14  0:24  SCV  
  15  0:38  SCV  
  15  0:39  Barracks  
  15  0:42  Refinery  
  16  0:50  SCV  
  17  0:58  Barracks  
  17  1:02  SCV  
  18  1:14  Refinery  
  18  1:15  SCV  
  19  1:26  Reaper  
  19  1:29  Orbital Command  
  20  1:41  Supply Depot  
  20  1:45  Reaper  
  21  1:56  SCV  
  21  1:58  Reaper  
  23  2:08  SCV  
  24  2:09  Factory  
  24  2:19  Reaper  
  24  2:20  SCV  
  26  2:26  Supply Depot  
  26  2:32  SCV  
  26  2:33  Reaper  
  28  2:44  SCV  
  28  2:51  Reaper  
  30  2:53  Hellion  
  31  2:59  SCV  
  31  3:08  Reaper  
  31  3:11  SCV, Command Center  
  32  3:20  Hellion  
  32  3:24  SCV  
  35  3:30  Starport  
  35  3:36  SCV  
  35  3:38  Supply Depot  
  36  3:41  Barracks Reactor  
  36  3:42  Factory Tech Lab  
  36  3:48  SCV  
  37  4:00  SCV  
  38  4:03  Cyclone  
  41  4:12  SCV  
  38  4:19  Marine x2  
  38  4:20  Medivac  
  41  4:24  SCV  
  41  4:26  Orbital Command  
  41  4:28  Refinery  
  41  4:30  Barracks Tech Lab  
  41  4:36  Siege Tank  
  41  4:37  Marine x2  
  46  4:41  SCV  
  47  4:49  Marine  
  47  4:50  Stimpack  
  47  4:52  SCV  
  49  4:53  Starport Reactor, SCV  
  49  4:55  Marine x2  
  52  5:02  Supply Depot  
  52  5:04  SCV  
  52  5:05  SCV  
  54  5:09  Siege Tank  
  54  5:12  Marine  
  54  5:13  Marine  
  59  5:16  SCV  
  59  5:17  SCV  
  61  5:21  Marine  
  61  5:27  Supply Depot  
  62  5:28  SCV  
  62  5:29  SCV  
  62  5:30  Marine x2  
  62  5:31  Supply Depot  
  66  5:39  Marine  
  66  5:40  SCV  
  66  5:41  SCV  
  69  5:48  Marine  
  69  5:49  Siege Tank  
  72  5:52  SCV  
  72  5:53  Marine, SCV  
  72  5:55  Bunker  
  75  5:57  Marine  
  75  6:02  Supply Depot  
  75  6:05  SCV  
  75  6:06  Marine, SCV  
  75  6:11  Marine  
  70  6:15  Marine  
  70  6:17  SCV  
  67  6:21  SCV  
  67  6:24  Marine  
  61  6:28  Marine  
  61  6:29  SCV  
  61  6:30  Siege Tank  
  61  6:32  Medivac x2, Marine  
  63  6:33  SCV  
  65  6:45  SCV  
  65  6:46  SCV  
  67  6:48  Marine  
  67  6:49  Marine  
  67  6:50  Marine  
  67  6:53  Command Center  
  70  6:57  Refinery  
  70  6:59  SCV  
  71  7:06  Marine x2  
  75  7:10  SCV  
  75  7:11  SCV  
  75  7:14  Starport Reactor  
  78  7:16  Barracks  
Tags
 
Add a new tag
Caveats
  • Supply blocks, unpowered buildings, or Contaminate may cause inaccurate times.
  • Supply counts are checked every 10 seconds.